 Dungeon Crawl Stone Soup version 0.25-a0-589-g1e14c549ee (webtiles) character file.

Game seed: 2906510606442229585, levelgen mode: deterministic

424 Kohma the Digger (level 6, -1/36 HPs)
             Began as a Gargoyle Earth Elementalist on Mar 11, 2020.
             Was an Initiate of Ashenzari.
             Hit by a boomerang thrown by an orc (3 damage)
             ... on level 4 of the Dungeon.
             The game lasted 00:12:31 (3419 turns).

Kohma the Digger (Gargoyle Earth Elementalist)      Turns: 3419, Time: 00:12:32

Health: -1/36      AC:  9    Str: 11    XL:     6   Next: 96%
Magic:  4/10       EV: 12    Int: 18    God:    Ashenzari [......]
Gold:   150        SH:  0    Dex: 10    Spells: 4/11 levels left

rFire    . . .     SeeInvis .   z - +5 dagger (drain)
rCold    . . .     Gourm    .   (no shield)
rNeg     + . .     Faith    .   c - +0 robe
rPois    ∞         Spirit   .   m - +1 helmet
rElec    +         Reflect  .   (no cloak)
rCorr    .         Harm     .   (no gloves)
MR       .....                  q - +0 pair of boots
Stlth    ++........             (no amulet)
HPRegen  0.12/turn              (no ring)
MPRegen  0.12/turn              (no ring)

@: brilliant
A: negative energy resistance 1, electricity resistance, unbreathing,
petrification resistance, rot immunity, AC +4
a: Curse Item, Renounce Religion


You were on level 4 of the Dungeon.
You worshipped Ashenzari.
Ashenzari was noncommittal.
You were not hungry.

You visited 2 branches of the dungeon, and saw 5 of its levels.

You collected 150 gold pieces.

Inventory:

Hand Weapons
 o - a +0 fustibalus
 y - a +0 dagger of holy wrath
 z - a +5 dagger of draining (weapon)
Missiles
 b - 125 stones
 f - 39 poisoned darts (quivered)
 s - 13 sling bullets
 t - 10 bolts
Armour
 c - a +0 robe (worn)
 m - a +1 helmet (worn)
 p - a +0 ring mail
 q - a +0 pair of boots (worn)
Jewellery
 w - an uncursed ring of fire
Scrolls
 e - 2 scrolls of enchant armour
 j - 3 scrolls of amnesia
 v - 2 scrolls of enchant weapon
Potions
 h - 2 potions of flight
 l - 2 potions of magic
 r - a potion of cancellation {unknown}
 u - a potion of haste {unknown}
 x - a potion of heal wounds {unknown}
Comestibles
 a - 2 chunks of flesh
 d - 4 rations


   Skills:
 + Level 2.5 Fighting
 - Level 1.5 Dodging
 - Level 2.1 Stealth
 - Level 3.0 Spellcasting
 * Level 2.5 Transmutations
 * Level 7.0 Earth Magic


You had 4 spell levels left.
You knew the following spells:

 Your Spells              Type           Power        Failure   Level  Hunger
a - Sandblast             Erth           #####.       1%          1    None
b - Passwall              Tmut/Erth      ####....     3%          2    None
c - Petrify               Tmut/Erth      ####....     22%         4    None

Your spell library contained the following spells:

 Spells                   Type           Power        Failure   Level  Hunger
 Stone Arrow              Conj/Erth      ###...       12%         3    None
 Lee's Rapid Deconstruct  Erth           #####.....   26%         5    None


Dungeon Overview and Level Annotations

Branches:
Dungeon (4/15)             Temple (1/1) D:4

Altars:
Ashenzari
Cheibriados
Dithmenos
Elyvilon
Gozag
Nemelex Xobeh
Qazlal
Ru
Sif Muna
Trog
Uskayaw
Wu Jian
Xom
Yredelemnul
Zin
The Shining One

Shops:
D:4 [*%


Innate Abilities, Weirdness & Mutations

You are resistant to torment.
Your stone body is resilient. (AC +4)
You are immune to poison.
You resist negative energy. (rN+)
You are resistant to electric shocks. (rElec)
You can survive without breathing.
You are immune to petrification.
You are immune to rotting.


Message History

Aim: an iguana (heavily wounded)
You feel a surge of power!
The blast of sand hits the iguana.
The iguana is almost dead.
b - 126 stones The iguana bites you.
* * * LOW HITPOINT WARNING * * *
Casting: Sandblast (safe; 1% risk of failure)
Confirm with . or Enter, or press ? or * to list all spells.
Aiming: Sandblast (safe; 1% risk of failure)
Press: ? - help, Shift-Dir - straight line, f/p - iguana
Aim: an iguana (almost dead)
You feel a surge of power!
The blast of sand hits the iguana!!
You kill the iguana!
Your Earth Magic skill increases to level 7!
b - 125 stones You start resting.
The orc is too close now for your liking.
An orc is nearby!
The orc throws a boomerang.
The boomerang hits you.
You die...

####....).###..........
######...#.#....∩...#
#o.#.o∩.........# ##
########)####.#.........
.. .......#o##
#........... #.
..........####..........
#. ...........#
##......... ##.
...........## #.........
#.. ............#
##@.....=. #..
..÷.........# #........
##.. ............##
#...$.... #...
.............# ##.......
#... #...........##
....... #...
##.>......### #......
##... #......### ##....
#.... ##...### #..#
#.... ####..# ##...


You could see an orc.

Vanquished Creatures
  An ogre (D:4)
  4 orc wizards
  An iguana (D:4)
  A worker ant (D:4)
  A hound skeleton (D:4)
  7 adders
  An ooze (D:1)
  A worm (D:3)
  A dart slug (D:1)
  2 leopard geckos
  8 orcs
  4 giant cockroaches
  7 hobgoblins
  A quokka (D:3)
  3 ball pythons
  6 bats
  6 frilled lizards
  4 goblins
  8 kobolds
  4 rats
71 creatures vanquished.

Vanquished Creatures (others)
  An orc wizard (D:4)
1 creature vanquished.

Grand Total: 72 creatures vanquished

Notes
Turn   | Place    | Note
-------+----------+-------------------------------------------
     0 | D:1      | Kohma the Gargoyle Earth Elementalist began the quest for
                  | the Orb.
     0 | D:1      | Reached XP level 1. HP: 10/10 MP: 3/3
   204 | D:1      | Reached skill level 4 in Earth Magic
   204 | D:1      | Reached XP level 2. HP: 9/15 MP: 0/5
  1087 | D:1      | Reached XP level 3. HP: 19/19 MP: 3/6
  1607 | D:2      | Learned a level 2 spell: Passwall
  2150 | D:3      | Reached skill level 1 in Transmutations
  2262 | D:3      | Reached XP level 4. HP: 21/24 MP: 6/8
  2298 | D:3      | Reached skill level 5 in Earth Magic
  2575 | D:3      | Found a sacrificial altar of Ru.
  2581 | D:3      | Reached XP level 5. HP: 28/28 MP: 6/9
  2676 | D:3      | Found a basalt altar of Yredelemnul.
  2937 | D:4      | Found Gaab's Food Emporium.
  2988 | D:4      | Reached skill level 6 in Earth Magic
  2999 | D:4      | Reached skill level 1 in Fighting
  3023 | D:4      | Reached XP level 6. HP: 34/35 MP: 4/10
  3033 | D:4      | Noticed a phantom
  3113 | D:4      | Found a staircase to the Ecumenical Temple.
  3122 | Temple   | Entered the Ecumenical Temple
  3139 | Temple   | Became a worshipper of Ashenzari the Shackled
  3351 | D:4      | Learned a level 4 spell: Petrify
  3375 | D:4      | Found Roiv Daoh's Antique Armour Shoppe.
  3408 | D:4      | Found Ocoschumu's General Store.
  3415 | D:4      | HP: 1/36 [iguana (4)]
  3416 | D:4      | Reached skill level 7 in Earth Magic
  3419 | D:4      | Hit by a boomerang thrown by an orc

Levels and vault maps discovered:
D:1:      psy_arrival_terrarium, layout_basic, hangedman_decor_growths,
          roderic_serpentine_path, minmay_tetromino_l2
D:2:      minmay_spotlight, layout_basic
D:3:      layout_loops_ring, marbit_many_paths,
          nicolae_ru_great_annihilating_truth
D:4:      gammafunk_steamed_eel, layout_cave_pods,
          minmay_overflow_temple_star_quad, minmay_temple_entry_junction,
          serial_shops, nicolae_shop_crystal, shop, nicolae_shop_behind_doors,
          nicolae_shop_stone, cheibrodos_ashenzari_chains
Temple:   eino_temple_water

Skill      XL: |  1  2  3  4  5  6 |
---------------+-------------------+-----
Earth Magic    | 4 5 6 7 |  7.0
Transmutations | 1 2 |  2.5
Spellcasting   | 3 |  3.0
Fighting       | 1 2 |  2.5
Dodging        | |  1.5
Stealth        | |  2.1

Action                   |  1- 3 |  4- 6 || total
-------------------------+-------+-------++-------
Melee: Unarmed           |    34 |       ||    34
       Mace              |    27 |       ||    27
       Dagger            |    47 |    74 ||   121
Throw: Dart              |     9 |     7 ||    16
 Cast: Sandblast         |    29 |    24 ||    53
       Passwall          |       |     1 ||     1
  Use: Scroll            |     5 |     5 ||    10
       Potion            |       |     1 ||     1
 Stab: Sleeping          |     1 |     2 ||     3
       Paralysed         |       |     2 ||     2
  Eat: Chunk             |     4 |     4 ||     8
Armor: Robe              |    51 |    35 ||    86
Dodge: Dodged            |    82 |    52 ||   134

Table legend:
 A = Non-vault XP
 B = Vault XP
 C = Vault XP percentage of total XP
 D = Non-vault monster count
 E = Vault monster count
 F = Vault count percentage of total count
                 A         B        C        D         E       F
            +---------+---------+-------+---------+---------+-------
      Total |     556 |      50 |   8.3 |      65 |       7 |   9.7
            +---------+---------+-------+---------+---------+-------
        D:1 |      37 |       1 |   2.6 |      21 |       1 |   4.5
        D:2 |       9 |       1 |  10.0 |       6 |       1 |  14.3
        D:3 |      79 |      48 |  37.8 |      19 |       5 |  20.8
        D:4 |     431 |       0 |   0.0 |      19 |       0 |   0.0
            +---------+---------+-------+---------+---------+-------
